 Dungeon Crawl Stone Soup version 0.27.1-33-g824d729ab1 (webtiles) character file.

Game seed: 8800510561526955188

146 jlumianski the Skirmisher (level 5, 0/49 HPs)
             Began as a Gargoyle Monk on Dec 8, 2021.
             Slain by a lemure (6 damage)
             ... led by Pikel
             ... on level 3 of the Dungeon.
             The game lasted 00:10:19 (3453 turns).

jlumianski the Skirmisher (Gargoyle Monk)           Turns: 3453, Time: 00:10:19

Health: 0/49       AC: 22    Str: 16    XL:     5   Next: 28%
Magic:  5/5        EV:  2    Int: 10    God:
Gold:   114        SH:  3    Dex: 12    Spells: 4/4 levels left

rFire    . . .     SeeInvis .   a - +0 hand axe
rCold    . . .     Faith    .   l - +0 buckler
rNeg     + + +     Spirit   .   (armour currently unavailable)
rPois    ∞         Reflect  .   (helmet currently unavailable)
rElec    .         Harm     .   (cloak currently unavailable)
rCorr    .         Rampage  .   (gloves currently unavailable)
Will     .....     NoTele   +   (boots currently unavailable)
Stlth    ++........             (no amulet)
HPRegen  0.16/turn              (no ring)
MPRegen  0.09/turn              (no ring)

@: tree-form
A: stationary, stasis, torment immunity, boosted hp, sickness immunity, AC +4,
negative energy resistance 1, (electricity resistance), torment resistance 1,
petrification resistance
a: no special abilities


You were on level 3 of the Dungeon.
You were a tree.
You visited 1 branch of the dungeon, and saw 4 of its levels.

You collected 114 gold pieces.

Inventory:

Hand Weapons
 a - a +0 hand axe (weapon)
 e - a +2 dagger of venom
Missiles
 d - 71 stones (quivered)
Armour
 b - a +0 robe
 f - a +1 cloak (melded)
 g - a +2 pair of gloves of dexterity (melded)
 h - a +0 helmet (melded)
 k - a +0 scale mail (melded)
 l - a +0 buckler (worn)
Potions
 c - a potion of invisibility
 i - a potion of flight {unknown}
 m - a potion of attraction {unknown}


   Skills:
 + Level 4.0 Fighting
 + Level 3.7 Axes
 + Level 0.6 Throwing
 + Level 3.4 Dodging
 + Level 2.5 Stealth


You had 4 spell levels left.
You didn't know any spells.
Your spell library contained the following spells:

 Spells                   Type           Power      Damage    Failure   Level
 Freezing Cloud           Conj/Ice/Air   0%         6-21      100%        5
 Simulacrum               Ice/Necr       0%         N/A       100%        6
 Polar Vortex             Ice            0%         N/A       100%        9


Dungeon Overview and Level Annotations

Branches:
Dungeon (4/15)
 Temple: D:4-7

Altars:
Elyvilon

Shops:
D:1 (


Innate Abilities, Weirdness & Mutations

You are a tree.
Your roots penetrate the ground, keeping you stationary.
You cannot be teleported.
You are immune to unholy pain and torment.
Your maximum health is greatly increased.
Your equipment is partially melded.
You are immune to sickness and miasma.
((Your stone body is resilient. (AC +4)))
You are immune to poison.
You resist negative energy. (rN+)
((You are resistant to electric shocks. (rElec)))
You are resistant to unholy torment.
You are immune to petrification.


Message History

You barely miss the lemure.
The lemure is lightly wounded.
You closely miss the lemure. The lemure hits you but does no damage.
The lemure barely misses you.
You hit the lemure but do no damage.
The lemure is lightly wounded.
You hit the lemure but do no damage. You block the lemure's attack.
The lemure closely misses you. The lemure hits you.
You hit the lemure.
The lemure is moderately wounded.
You closely miss the lemure. The lemure hits you but does no damage.
The lemure barely misses you.
You hit the lemure but do no damage.
The lemure is moderately wounded.
You closely miss the lemure. The lemure barely misses you. x2
You hit the lemure.
The lemure is moderately wounded.
You hit the lemure but do no damage. The lemure hits you but does no damage.
The lemure barely misses you. The lemure hits you.
You barely miss the lemure.
The lemure is moderately wounded.
You closely miss the lemure. The lemure hits you but does no damage.
The lemure hits you.
* * * LOW HITPOINT WARNING * * *
Really quaff the potion of lignification?
You turn into a tree.
Your +1 cloak melds into your body.
Your +0 helmet melds into your body.
Your +2 pair of gloves of dexterity melds into your body.
Your +0 scale mail melds into your body.
You feel clumsy.
Your roots penetrate the ground.
The lemure hits you but does no damage. x2
You hit the lemure.
The lemure is heavily wounded.
You hit the lemure but do no damage.
The lemure hits you but does no damage. x2
The lemure hits you!
* * * LOW HITPOINT WARNING * * *
You hit the lemure but do no damage.
The lemure is heavily wounded.
You hit the lemure but do no damage. The lemure hits you.
You die...

........# ........#
#..# #..# .###.#
##..# .#.#.. #...#
##.##.## ##...#
#...#..# #....#######
#...##.###....[5♣5..#
.....#..#...#######.#
....)#..#...# #.#
..........### #.#
####...#### #.#
..##'### #.# #..)).#
#.# #.....# ..#
#.....#


You could see 2 lemures.

Vanquished Creatures
  An orc priest (D:3)
  An orc wizard (D:3)
  A gnoll (D:3)
  An adder (D:2)
  4 worms
  2 dart slugs
  9 orcs (D:3)
  4 ball pythons
  4 endoplasms
  A giant cockroach (D:1)
  4 goblins (D:1)
  2 hobgoblins (D:1)
  2 jackals (D:1)
  5 kobolds
  2 quokkas (D:1)
  2 bats
  3 frilled lizards
  2 rats
50 creatures vanquished.

Notes
Turn   | Place    | Note
-------+----------+-------------------------------------------
     0 | D:1      | jlumianski the Gargoyle Monk began the quest for the Orb.
     0 | D:1      | Reached XP level 1. HP: 14/14 MP: 1/1
   383 | D:1      | Reached XP level 2. HP: 3/19 MP: 2/2
  1055 | D:1      | Found Eteuheul's Weapon Emporium.
  1291 | D:1      | Reached XP level 3. HP: 19/24 MP: 3/3
  2694 | D:2      | Found a faded altar of an unknown god.
  2867 | D:3      | Reached XP level 4. HP: 22/29 MP: 4/4
  3273 | D:3      | Reached XP level 5. HP: 26/33 MP: 5/5
  3359 | D:4      | Found a white marble altar of Elyvilon.
  3390 | D:3      | Reached skill level 4 in Fighting
  3423 | D:4      | Noticed a lemure
  3423 | D:4      | Noticed a lemure
  3453 | D:3      | Slain by a lemure

Illustrated notes

Levels and vault maps discovered:
D:1:      giann_wishing_wells, layout_basic, serial_shops, shop,
          hangedman_abyss_or_decor_lesser_grid
D:2:      layout_basic, hellmonk_ecumenical_altar_inner_sanctum,
          chequers_serial_rivers_micro_a, minmay_misc_feat_pillars
D:3:      layout_basic, lemuel_doored_altar,
          mainiacjoe_overflow_small_starburst, gammafunk_ghost_split,
          chequers_avenue, minmay_unequal, uniq_robin
D:4:      layout_cave_pools, elyvilon_altar_4, minmay_fountain_box, uniq_pikel

Skill      XL: |  1  2  3  4  5 |
---------------+----------------+-----
Axes           | 3 |  3.7
Dodging        | 3 |  3.4
Fighting       | 4 |  4.0
Throwing       | |  0.6
Stealth        | |  2.5

Action                   |  1- 3 |  4- 6 || total
-------------------------+-------+-------++-------
Melee: Hand axe          |   161 |    92 ||   253
Throw: Stone             |    13 |       ||    13
  Use: Potion            |     1 |     3 ||     4
       Scroll            |     4 |       ||     4
 Stab: Sleeping          |     1 |       ||     1
Armor: Robe              |    52 |       ||    52
       Scale mail        |       |    53 ||    53
       Skin              |       |     4 ||     4
Dodge: Dodged            |   118 |    35 ||   153
Block: Buckler           |       |     9 ||     9
